Map: Mech Depot LE

Players

Snute - Winner!

  • Race: Zerg Zerg
  • Spawn Location: 7:00

Elazer

  • Race: Zerg Zerg
  • Spawn Location: 1:00

Event: WCS Montreal 2017

VOD

Have the link to the VOD?

Description

Time

  • Played on: Sept. 10, 2017, 12:09 p.m.
  • Length: 14:02

All games in this series

Show
View Real Time Build Order
Export as new Build Order

Snute Zerg - Winner!

Build Orders: Hatch First 

Get SALT Encoding   

  12  0:00  Drone  
  13  0:12  Overlord  
  13  0:17  Drone  
  14  0:30  Drone x2  
  14  0:34  Drone  
  17  0:52  Hatchery  
  17  0:54  Drone  
  17  0:58  Drone  
  17  1:00  Extractor  
  17  1:13  Spawning Pool  
  17  1:17  Drone  
  17  1:20  Drone  
  18  1:28  Drone  
  19  1:39  Overlord  
  19  1:49  Drone  
  20  1:59  Queen, Metabolic Boost  
  23  2:01  Zergling x2  
  23  2:04  Queen  
  23  2:07  Zergling x2  
  26  2:11  Zergling x2  
  26  2:14  Drone  
  28  2:32  Drone, Hatchery  
  28  2:35  Drone  
  29  2:38  Drone  
  29  2:40  Drone  
  31  2:46  Overlord  
  31  2:47  Zergling x2  
  32  2:54  Zergling x2  
  33  2:59  Drone  
  33  3:04  Drone  
  35  3:08  Drone x4  
  35  3:11  Drone x3  
  42  3:15  Evolution Chamber  
  42  3:18  Drone  
  42  3:21  Overlord  
  42  3:27  Extractor  
  42  3:28  Drone  
  42  3:30  Drone  
  43  3:35  Roach Warren  
  43  3:41  Drone x4  
  43  3:47  Drone  
  46  3:48  Drone  
  46  3:49  Drone  
  46  3:52  Drone  
  49  3:59  Drone x3  
  49  4:00  Drone  
  53  4:04  Overlord, Extractor  
  53  4:05  Drone  
  53  4:09  Drone  
  54  4:12  Overlord  
  54  4:18  Spine Crawler  
  54  4:19  Roach x2  
  54  4:23  Roach x2  
  61  4:25  Roach  
  61  4:26  Roach  
  65  4:33  Roach x2  
  68  4:38  Overlord  
  68  4:40  Spine Crawler  
  63  4:46  Overlord  
  63  4:47  Overlord  
  63  4:51  Overlord  
  59  4:58  Roach  
  59  4:59  Roach  
  62  5:04  Roach  
  52  5:10  Roach  
  45  5:20  Roach x3  
  49  5:25  Roach  
  49  5:30  Roach  
  49  5:34  Roach  
  52  5:38  Roach  
  52  5:41  Roach  
  56  5:52  Drone x2  
  58  5:57  Roach Warren  
  58  6:02  Drone x2  
  59  6:05  Drone  
  59  6:09  Drone  
  61  6:16  Drone x3  
  56  6:35  Hatchery  
  56  6:37  Drone x2  
  56  6:38  Drone  
  58  6:40  Drone  
  58  6:42  Drone  
  60  6:50  Ravager  
  60  6:52  Drone x2  
  63  6:54  Ravager  
  63  6:58  Spawning Pool, Drone  
  63  7:01  Drone  
  65  7:11  Roach x3  
  71  7:16  Overlord  
  71  7:19  Overlord  
  71  7:20  Roach  
  71  7:21  Extractor  
  72  7:24  Drone  
  72  7:28  Evolution Chamber  
  72  7:31  Drone  
  72  7:35  Drone  
  74  7:37  Drone  
  74  7:38  Drone x2  
  74  7:40  Unknown  
  74  7:44  Drone  
  78  7:46  Queen x2  
  78  7:50  Lair  
  78  7:51  Drone x2  
  83  7:54  Drone  
  83  7:56  Drone  
  86  8:02  Roach x2  
  90  8:06  Roach  
  90  8:08  Roach  
  94  8:13  Roach  
  94  8:16  Roach  
  98  8:21  Roach x2  
  104  8:27  Roach x2  
  106  8:37  Overlord x2  
  106  8:41  Overlord  
  106  8:52  Zerg Missile Weapons Level 1, Glial Reconstitution  
  106  8:57  Roach  
  106  8:58  Roach x5  
  106  9:00  Roach  
  120  9:03  Roach  
  120  9:06  Unknown  
  120  9:08  Overseer  
  120  9:09  Drone x4  
  126  9:12  Drone  
  126  9:13  Drone x3  
  130  9:25  Overlord x3  
  130  9:33  Hatchery  
  130  9:36  Overlord  
  129  9:44  Roach x5  
  139  9:48  Roach  
  139  9:49  Roach x2  
  139  9:51  Unknown  
  145  9:56  Roach x3  
  151  10:00  Roach x2  
  157  10:07  Roach x3  
  161  10:14  Overlord  
  161  10:15  Overlord x2  
  161  10:25  Overlord  
  161  10:26  Overseer  
  161  10:27  Pneumatized Carapace  
  161  10:35  Roach x3  
  167  10:36  Roach x5  
  167  10:37  Overseer  
  177  10:54  Overseer  
  175  10:57  Spore Crawler  
  175  10:59  Roach  
  175  11:00  Roach x6  
  185  11:10  Queen, Roach x6  
  199  11:16  Ravager  
  200  11:18  Unknown  
  198  11:40  Overlord  
  198  11:41  Overlord  
  183  11:56  Roach x11  
  183  12:01  Queen x2  
  176  12:05  Roach  
  178  12:12  Roach x4  
  186  12:18  Roach x2  
  186  12:19  Roach  
  186  12:22  Roach  
  192  12:24  Spire  
  192  12:25  Spine Crawler  
  192  12:26  Spine Crawler  
  189  12:34  Roach x4  
  177  12:49  Roach  
  177  12:50  Roach x2  
  169  13:00  Roach x2  
  167  13:14  Roach x3  
  173  13:25  Roach x2  
  169  13:49  Spine Crawler x2  
  169  13:53  Spine Crawler  
  170  13:58  Spore Crawler  
  169  14:00  Spore Crawler  
Show
View Real Time Build Order
Export as new Build Order

Elazer Zerg 

Build Orders: Hatch First, Roach Nydus 

Get SALT Encoding   

  12  0:00  Drone  
  13  0:12  Overlord  
  13  0:17  Drone  
  14  0:30  Drone x2  
  14  0:34  Drone  
  17  0:51  Hatchery  
  17  0:54  Drone  
  17  0:57  Drone  
  18  1:08  Extractor  
  17  1:12  Spawning Pool  
  17  1:15  Drone  
  18  1:18  Drone  
  18  1:27  Drone  
  19  1:38  Overlord  
  19  1:49  Drone  
  20  1:58  Queen  
  20  2:00  Zergling x2  
  23  2:02  Queen  
  23  2:03  Zergling x2  
  26  2:11  Drone  
  26  2:14  Drone  
  28  2:21  Drone  
  29  2:24  Drone  
  29  2:28  Evolution Chamber  
  29  2:32  Drone  
  29  2:35  Lair  
  29  2:36  Drone  
  31  2:40  Queen  
  33  2:44  Drone  
  33  2:47  Drone  
  35  2:52  Roach Warren  
  34  3:01  Extractor  
  34  3:03  Drone x2  
  35  3:08  Overlord  
  35  3:15  Overlord  
  35  3:26  Queen  
  37  3:32  Nydus Network  
  37  3:33  Roach, Queen  
  40  3:36  Roach  
  42  3:43  Roach x2  
  48  3:48  Roach  
  48  3:53  Overlord  
  48  4:08  Nydus Canal  
  48  4:09  Queen  
  50  4:17  Roach  
  50  4:18  Roach  
  50  4:21  Roach  
  56  4:25  Roach  
  58  4:32  Roach  
  58  4:37  Roach  
  57  4:40  Roach  
  56  4:47  Roach  
  57  5:04  Roach  
  57  5:07  Roach  
  55  5:14  Roach  
  55  5:24  Roach  
  55  5:27  Drone  
  55  5:28  Queen, Drone x2  
  60  5:42  Overlord  
  60  5:55  Overlord  
  60  5:59  Spine Crawler  
  60  6:00  Queen  
  60  6:02  Roach x3  
  67  6:06  Drone  
  67  6:10  Overlord  
  68  6:18  Nydus Canal  
  62  6:31  Roach x2  
  52  6:33  Roach  
  52  6:39  Overlord  
  56  6:40  Drone x2  
  56  6:43  Hatchery  
  56  6:46  Roach  
  58  6:48  Roach  
  58  6:53  Drone  
  58  6:54  Drone  
  62  6:56  Drone  
  62  7:00  Drone  
  64  7:01  Drone  
  64  7:05  Glial Reconstitution  
  65  7:11  Overlord  
  65  7:14  Drone  
  66  7:19  Overseer  
  66  7:26  Roach x2  
  66  7:28  Roach  
  72  7:34  Roach  
  76  7:37  Roach  
  76  7:38  Overlord  
  76  7:40  Extractor  
  76  7:42  Drone x2  
  76  7:43  Drone  
  78  7:51  Drone x3  
  81  7:54  Drone x2  
  81  7:57  Drone  
  84  8:01  Zerg Missile Weapons Level 1  
  84  8:02  Drone  
  85  8:06  Drone  
  85  8:08  Drone x2  
  85  8:11  Drone  
  89  8:16  Drone x2  
  91  8:21  Drone x3  
  91  8:25  Drone x2  
  96  8:30  Tunneling Claws  
  96  8:33  Drone  
  97  8:39  Burrow  
  97  8:40  Drone x2  
  99  8:41  Drone  
  100  8:55  Extractor x2, Drone x3  
  102  8:56  Drone  
  102  9:03  Roach x2  
  102  9:04  Hatchery  
  102  9:09  Overlord x2  
  105  9:23  Overlord x2  
  105  9:28  Roach  
  105  9:29  Roach x7  
  121  9:34  Overlord  
  121  9:35  Ravager  
  122  9:43  Roach x6  
  134  9:51  Overlord, Evolution Chamber  
  139  10:00  Roach x6  
  139  10:05  Overlord  
  145  10:11  Overlord x2  
  145  10:13  Overlord  
  145  10:15  Overseer  
  145  10:21  Drone x5  
  150  10:22  Drone  
  150  10:23  Drone  
  150  10:27  Roach  
  150  10:28  Roach x5, Zerg Ground Armor Level 1  
  152  10:29  Roach  
  152  10:32  Roach x6  
  152  10:33  Roach x2  
  152  10:34  Roach  
  152  10:35  Roach x3  
  152  10:37  Roach x5  
  152  10:39  Roach x5  
  152  10:40  Roach x5  
  152  10:42  Roach x2  
  154  11:08  Drone x2  
  154  11:09  Hydralisk Den  
  154  11:10  Extractor  
  154  11:11  Drone x4  
  153  11:12  Roach, Drone  
  153  11:13  Roach x9  
  153  11:15  Ravager x3  
  178  11:20  Roach  
  178  11:21  Roach x2  
  184  11:27  Overlord x2  
  184  11:29  Roach  
  184  11:30  Roach x4  
  174  11:34  Roach x6  
  174  11:38  Roach x3  
  184  11:50  Roach  
  184  11:51  Roach x4  
  171  11:55  Roach x5  
  171  11:56  Roach  
  171  11:59  Roach  
  140  12:04  Roach  
  140  12:09  Spire  
  140  12:13  Roach  
  140  12:14  Roach x7  
  131  12:30  Spire  
  131  12:34  Roach x2  
  131  12:35  Hatchery  
  115  12:43  Roach x4  
  109  12:47  Roach x5  
  102  13:06  Drone x16  
  98  13:22  Hatchery  
  98  13:25  Roach x3  
  78  13:28  Hatchery  
Tags
 
Add a new tag
Caveats
  • Supply blocks, unpowered buildings, or Contaminate may cause inaccurate times.
  • Supply counts are checked every 10 seconds.